Map: Triton LE

Players

xale

  • Race: Zerg Zerg
  • League: Platinum
  • Spawn Location: 11:00

Gokhan - Winner!

  • Race: Protoss Protoss
  • League: Diamond
  • Spawn Location: 5:00

VOD

Have the link to the VOD?

Description

Time

  • Played on: Oct. 12, 2019, 6:39 p.m.
  • Length: 10:59
Show
View Real Time Build Order
Export as new Build Order

xale Zerg 

Build Orders: Pool First 

Get SALT Encoding   

  12  0:01  Drone  
  13  0:13  Overlord  
  13  0:16  Drone  
  14  0:31  Drone x2  
  14  0:35  Drone  
  17  0:45  Drone  
  17  0:48  Extractor  
  17  0:54  Spawning Pool  
  17  0:56  Drone  
  17  1:07  Drone  
  18  1:27  Hatchery  
  18  1:29  Drone  
  18  1:41  Queen  
  18  1:46  Zergling x2  
  21  1:53  Metabolic Boost  
  21  2:00  Overlord  
  21  2:13  Zergling x2  
  22  2:18  Queen  
  24  2:36  Drone x3  
  27  2:44  Drone, Queen  
  28  2:48  Drone  
  30  3:01  Drone x4  
  34  3:08  Drone x2  
  36  3:14  Overlord  
  36  3:34  Queen  
  36  3:36  Drone  
  36  3:38  Drone  
  36  3:39  Hatchery  
  39  3:43  Drone x2  
  41  4:03  Overlord x2  
  41  4:11  Drone x2  
  41  4:12  Drone  
  44  4:21  Queen  
  44  4:23  Drone x2  
  44  4:24  Drone x4  
  51  4:27  Roach Warren  
  51  4:35  Drone x4  
  51  4:37  Spore Crawler  
  54  4:40  Spore Crawler  
  54  4:44  Drone x4  
  54  4:45  Drone  
  58  5:02  Spore Crawler  
  58  5:03  Drone x5  
  62  5:15  Extractor  
  62  5:18  Drone x6, Extractor  
  62  5:19  Extractor  
  65  5:36  Overlord x3  
  64  5:43  Zergling x2  
  64  5:44  Hatchery, Zergling x2  
  64  5:48  Lair  
  65  5:53  Evolution Chamber x2, Roach  
  65  5:54  Roach x10  
  65  5:55  Roach  
  87  6:05  Extractor  
  87  6:06  Extractor, Roach  
  87  6:07  Roach  
  89  6:23  Zerg Missile Weapons Level 1, Zerg Ground Armor Level 1  
  89  6:31  Drone  
  90  6:33  Overlord x2  
  90  6:34  Overlord x4  
  90  6:48  Glial Reconstitution  
  90  6:52  Drone x5  
  90  6:53  Drone x6  
  101  7:03  Queen  
  103  7:12  Pneumatized Carapace  
  103  7:21  Drone x8  
  111  7:28  Overlord x3  
  111  7:32  Drone x2  
  111  7:33  Drone x6  
  111  7:36  Roach  
  118  7:47  Roach x3  
  118  8:06  Hatchery  
  117  8:14  Roach x3  
  117  8:15  Roach x4  
  117  8:19  Spire  
  130  8:20  Zerg Ground Armor Level 2, Zerg Missile Weapons Level 2  
  130  8:22  Ravager x2  
  130  8:23  Ravager x4  
  136  8:29  Queen x2  
  140  8:39  Zergling x2  
  140  8:40  Extractor, Zergling x22  
  140  8:41  Extractor  
  150  9:19  Queen  
  152  9:25  Hatchery  
  142  9:38  Roach  
  142  9:39  Roach x8  
  142  9:41  Overlord x6  
  142  9:42  Overlord x6  
  154  9:56  Roach  
  154  9:57  Roach x6  
  131  10:10  Roach x5  
  131  10:11  Roach x2  
  131  10:13  Zergling x4  
  119  10:19  Mutalisk  
  107  10:24  Mutalisk  
  107  10:25  Mutalisk x2  
  109  10:34  Mutalisk x7  
Show
View Real Time Build Order
Export as new Build Order

Gokhan Protoss - Winner!

Build Orders: Chargelot Immortal 

Get SALT Encoding   

  12  0:01  Probe  
  13  0:13  Probe  
  14  0:19  Pylon  
  14  0:25  Probe  
  15  0:37  Probe (Chrono Boost)  
  15  0:41  Gateway  
  16  0:47  Probe (Chrono Boost)  
  17  0:52  Probe (Chrono Boost)  
  18  0:58  Assimilator  
  18  1:11  Probe  
  19  1:28  Cybernetics Core  
  19  1:30  Gateway  
  19  1:35  Pylon  
  19  1:42  Assimilator  
  19  1:43  Probe  
  20  1:55  Probe  
  21  2:04  Pylon  
  21  2:05  Warp Gate (Chrono Boost)  
  21  2:07  Probe (Chrono Boost), Adept  
  24  2:18  Probe (Chrono Boost)  
  25  2:26  Probe  
  26  2:42  Nexus, Sentry  
  27  2:50  Sentry  
  29  2:51  Probe  
  30  3:07  Shield Battery  
  30  3:12  Robotics Facility  
  30  3:13  Probe (Chrono Boost)  
  30  3:18  Adept  
  33  3:25  Probe (Chrono Boost)  
  34  3:30  Pylon  
  34  3:32  Probe (Chrono Boost)  
  35  3:39  Probe  
  36  3:53  Probe (Chrono Boost)  
  37  3:56  Assimilator, Stalker  
  37  4:00  Probe (Chrono Boost)  
  40  4:05  Immortal  
  40  4:09  Probe (Chrono Boost)  
  45  4:10  Probe (Chrono Boost)  
  47  4:17  Probe x2 (Chrono Boost)  
  48  4:29  Probe (Chrono Boost)  
  50  4:32  Twilight Council  
  50  4:33  Probe (Chrono Boost)  
  50  4:35  Gateway, Probe (Chrono Boost)  
  51  4:40  Probe  
  51  4:43  Probe  
  51  4:44  Observer  
  54  4:52  Probe  
  55  4:55  Probe  
  56  5:04  Probe  
  57  5:07  Probe  
  57  5:08  Immortal (Chrono Boost)  
  57  5:13  Pylon  
  62  5:15  Pylon  
  62  5:17  Pylon  
  62  5:21  Templar Archives  
  62  5:23  Pylon  
  62  5:31  Probe x2  
  64  5:43  Probe x2  
  64  5:46  Zealot x3  
  64  5:48  Immortal (Chrono Boost)  
  76  5:52  Assimilator, Charge  
  76  6:07  Gateway  
  76  6:10  Forge  
  76  6:11  Forge  
  76  6:14  Nexus  
  76  6:21  High Templar x2  
  80  6:26  Psionic Storm  
  80  6:29  Probe  
  80  6:31  Immortal (Chrono Boost)  
  81  6:32  Pylon  
  85  6:46  Probe  
  86  6:52  Photon Cannon, Zealot  
  88  7:00  Zealot, High Templar  
  92  7:03  Warp Prism  
  92  7:06  Protoss Ground Weapons Level 1 (Chrono Boost)  
  95  7:15  Probe  
  95  7:29  Protoss Ground Armor Level 1 (Chrono Boost)  
  95  7:35  Photon Cannon, Shield Battery  
  95  7:37  Zealot, High Templar  
  95  7:38  Zealot x2  
  99  7:57  Archon  
  95  8:04  Immortal (Chrono Boost)  
  95  8:05  Zealot, High Templar x2  
  97  8:15  Photon Cannon, Probe  
  97  8:16  Pylon  
  97  8:19  Assimilator, Zealot  
  100  8:21  Assimilator  
  100  8:22  Probe  
  100  8:23  Probe  
  102  8:28  Probe  
  102  8:31  Robotics Facility  
  103  8:36  Pylon  
  103  8:42  Blink  
  103  8:46  Immortal (Chrono Boost)  
  103  8:48  Stalker x3, Pylon  
  111  8:49  Zealot  
  115  8:56  Nexus  
  115  9:10  Gateway  
  115  9:14  Gateway, Pylon  
  115  9:21  Zealot x2, High Templar  
  115  9:22  Zealot  
  127  9:37  Immortal (Chrono Boost)  
  127  9:43  Observer (Chrono Boost)  
  129  9:49  Probe (Chrono Boost)  
  129  9:52  Probe (Chrono Boost)  
  112  10:11  Archon  
  112  10:12  Archon  
  112  10:14  Zealot x4  
  104  10:15  Zealot x2  
  116  10:31  Probe (Chrono Boost)  
  116  10:32  Probe (Chrono Boost)  
  116  10:33  Probe (Chrono Boost)  
  116  10:34  High Templar  
  116  10:35  Probe (Chrono Boost), High Templar x3  
  124  10:37  Zealot  
  124  10:38  Probe x3 (Chrono Boost), Zealot  
  133  10:47  Assimilator  
  133  10:49  Assimilator  
  133  10:52  Photon Cannon  
  133  10:55  Photon Cannon  
  133  10:57  Photon Cannon  
Tags
 
Add a new tag
Caveats
  • Supply blocks, unpowered buildings, or Contaminate may cause inaccurate times.
  • Supply counts are checked every 10 seconds.